 Dungeon Crawl Stone Soup version 0.23.2-1-ga50397a6bc (webtiles) character file.

Game seed: 13140241067424185653

216731 spacedv the Brawler (level 18, -3/244 HPs)
             Began as a Green Draconian Transmuter on May 4, 2019.
             Was a Follower of Ashenzari.
             Slain by a deep troll earth mage (18 damage)
             ... on level 1 of the Depths on May 5, 2019.
             The game lasted 06:37:38 (34425 turns).

spacedv the Brawler (Green Draconian Transmuter)   Turns: 34425, Time: 06:37:38

Health: -3/244     AC: 25    Str: 25    XL:     18   Next: 74%
Magic:  33/36      EV: 25    Int: 18    God:    Ashenzari [*.....]
Gold:   1901       SH:  0    Dex: 13    Spells: 10/45 levels left

rFire    + . .     SeeInvis .     - Unarmed
rCold    + . .     Gourm    .   (shield currently unavailable)
rNeg     + . .     Faith    .   (armour unavailable)
rPois    +         Spirit   .   (helmet currently unavailable)
rElec    .         Reflect  .   (cloak currently unavailable)
rCorr    .         Harm     .   (gloves currently unavailable)
MR       +....                  (boots currently unavailable)
Stlth    +++.......             V - amulet of the acrobat (curse)
HPRegen  0.50/turn              P - ring of the Tormentor {rF+ rC+ rN+} (curse)
MPRegen  0.25/turn              L - +5 ring of protection (curse)

@: short of breath, dragon-form, acrobat, flying, hasted, very quick
A: giant, breathe noxious fumes, unfitting armour, stinger 1, AC +10
a: Breathe Noxious Fumes, End Transformation, Curse Item, Scrying, Renounce
Religion


You were on level 1 of the Depths.
You worshipped Ashenzari.
Ashenzari was aware of your devotion.
You were hungry.
You were a fearsome dragon!
You visited 8 branches of the dungeon, and saw 31 of its levels.
You visited the Abyss 1 time.
You also visited: Gauntlet.

You collected 3569 gold pieces.
You spent 1668 gold pieces at shops.

Inventory:

Missiles
 a - 1063 arrows
Armour
 e - the cursed +1 pair of boots of Bealex (melded) {rElec}
   (You bought it in a shop on level 9 of the Dungeon)

   It insulates you from electricity.
   It has a curse placed upon it.
 C - a cursed +2 cloak (melded)
 S - a cursed +2 hat of magic resistance (melded)
Magical Staves
 j - an uncursed staff of conjuration
Jewellery
 K - an uncursed ring of see invisible
 L - a cursed +5 ring of protection (right foreclaw)
 O - an uncursed amulet of regeneration
 P - the cursed ring of the Tormentor (left foreclaw) {rF+ rC+ rN+}
   (You found it on level 4 of the Lair of Beasts)

   [ring of protection from cold]

   It protects you from fire.
   It protects you from cold.
   It protects you from negative energy.
   It has a curse placed upon it.
 R - the amulet of Hutohir {RegenMP rPois rC- MR+}
   (You found it on level 12 of the Dungeon)

   [amulet of magic regeneration]

   It increases your magic regeneration.
   It makes you vulnerable to cold.
   It protects you from poison.
   It affects your resistance to hostile enchantments.
 V - a cursed amulet of the acrobat (around neck)
Wands
 o - a wand of flame (60)
 q - a wand of scattershot (12)
 s - a wand of acid (9)
 v - a wand of paralysis (4)
 D - a wand of iceblast (5)
 H - a wand of clouds (5)
 M - a wand of digging (22)
 Q - a wand of polymorph (16)
 X - a wand of random effects (34)
Scrolls
 b - 5 scrolls of enchant armour
 d - 11 scrolls of teleportation
 g - 2 scrolls of immolation {unknown}
 h - a scroll of summoning {unknown}
 i - 2 scrolls of remove curse
 n - 4 scrolls of fog
 p - a scroll of amnesia
 r - 7 scrolls of magic mapping
 u - a scroll of vulnerability {unknown}
 w - 12 scrolls of identify
 y - a scroll of enchant weapon
 E - a scroll of silence {unknown}
Potions
 f - a potion of haste
 k - 13 potions of curing
 l - 2 potions of magic
 m - 3 potions of flight
 x - 2 potions of might
 z - 2 potions of mutation
 F - 9 potions of brilliance
 G - a potion of resistance
Miscellaneous
 t - 3 phantom mirrors
 I - a phial of floods
 J - a lamp of fire
 U - a crystal ball of energy
 Y - a lightning rod (4/4)
Comestibles
 c - 35 rations
 B - 43 chunks of flesh


   Skills:
 - Level 15.5 Fighting
 - Level 8.9 Dodging
 - Level 6.4 Stealth
 - Level 18.0 Unarmed Combat
 + Level 14.4 Spellcasting
 - Level 2.3 Conjurations
 - Level 1.6 Hexes
 - Level 13.1 Transmutations
 - Level 1.7 Air Magic
 - Level 10.8 Poison Magic
 - Level 5.0 Evocations


You had 10 spell levels left.
You knew the following spells:

 Your Spells              Type           Power        Failure   Level  Hunger
a - Beastly Appendage     Tmut           ######       1%          1    None
b - Sticks to Snakes      Tmut           ######..     1%          2    None
c - Spider Form           Tmut/Pois      ######....   1%          3    None
d - Blade Hands           Tmut           ######....   1%          5    ####...
e - Confusing Touch       Hex            ###...       2%          1    None
f - Ignite Poison         Fire/Tmut/Pois #####...     1%          3    None
g - Mephitic Cloud        Conj/Pois/Air  ####....     1%          3    None
h - Alistair's Intoxicat  Tmut/Pois      ######..     1%          5    ####...
i - Irradiate             Conj/Tmut      #####.....   6%          5    ####...
j - Dragon Form           Tmut           ######....   21%         7    #######

Your spell library contained the following spells:

 Spells                   Type           Power        Failure   Level  Hunger
 Passwall                 Tmut/Erth      #####...     1%          2    None
 Poisonous Vapours        Pois/Air       #####.       1%          2    None
 Ice Form                 Ice/Tmut       #####...     3%          4    None
 Petrify                  Tmut/Erth      #####...     3%          4    None
 Animate Skeleton         Necr           N/A          4%          1    None
 Apportation              Tloc           ##....       4%          1    None
 Freeze                   Ice            ##..         4%          1    None
 Infusion                 Chrm           ##..         4%          1    None
 Pain                     Necr           ##..         4%          1    None
 Sandblast                Erth           ##....       4%          1    None
 Summon Butterflies       Summ           ##......     4%          1    None
 Summon Small Mammal      Summ           ##..         4%          1    None
 Throw Frost              Conj/Ice       ###...       4%          2    None
 Ensorcelled Hibernation  Hex/Ice        ###...       5%          2    None
 Swiftness                Chrm/Air       ###.....     5%          2    None
 Yara's Violent Unravell  Hex/Tmut       #####.....   7%          5    ####...
 Corpse Rot               Necr           N/A          8%          2    None
 Shroud of Golubria       Chrm/Tloc      ##........   8%          2    None
 Song of Slaying          Chrm           ##......     8%          2    None
 Sublimation of Blood     Necr           ##........   8%          2    None
 Confuse                  Hex            ###.....     8%          3    None
 Conjure Flame            Conj/Fire      ###.....     10%         3    None
 Stone Arrow              Conj/Erth      ###...       10%         3    None
 Spectral Weapon          Hex/Chrm       ###.....     11%         3    None
 Summon Guardian Golem    Hex/Summ       ###.....     11%         3    None
 Ozocubu's Armour         Chrm/Ice       ##......     16%         3    None
 Regeneration             Chrm/Necr      ##........   16%         3    None
 Fulminant Prism          Conj/Hex       ###.......   22%         4    None
 Throw Icicle             Conj/Ice       ###.....     30%         4    None
 Summon Ice Beast         Ice/Summ       ##......     45%         4    None
 Iskenderun's Battlesphe  Conj/Chrm      ###.....     65%         5    ####...
 Agony                    Necr           ##......     80%         5    ####...
 Dispel Undead            Necr           ##......     80%         5    ####...
 Lee's Rapid Deconstruct  Erth           ##........   80%         5    ####...
 Freezing Cloud           Conj/Ice/Air   ###.......   99%         6    #####..
 Shadow Creatures         Summ           N/A          100%        6    #####..
 Haunt                    Necr/Summ      ##........   100%        7    #######
 Ring of Flames           Chrm/Fire      ##........   100%        7    #######
 Borgnjor's Revivificati  Necr           ##........   100%        8    #######
 Death's Door             Chrm/Necr      ##........   100%        8    #######
 Infestation              Necr           ##........   100%        8    #######
 Necromutation            Tmut/Necr      #####.....   100%        8    #######


Dungeon Overview and Level Annotations

Branches:
Dungeon (15/15)            Temple (1/1) D:6            Lair (6/6) D:9
  Swamp (3/4) Lair:3        Snake (1/4) Lair:2        Slime (0/5) Lair:6
    Orc (2/2) D:11            Elf (2/3) Orc:2        Vaults (0/5) D:14
 Depths (1/5) D:15

Altars:
Ashenzari
Cheibriados
Dithmenos
Elyvilon
Fedhas
Gozag
Hepliaklqana
Makhleb
Okawaru
Qazlal
Ru
Sif Muna
Trog
Vehumet
Xom
Yredelemnul
Zin
The Shining One
Beogh
Jiyva
Lugonu

Shops:
D:7 *   D:9 [*[*   D:10 *   D:13 =   D:14 (   Orc:2 !([(

Portals:
Hell: Lair:6
Trove: Elf:2 (give 21 scrolls of identify)

Annotations:
D:3 Grinder
Lair:2 exclusion: 2 oklob plants
Swamp:3 Mara
Depths:1 1 transporter, Jannitor's ghost, journeyman OgWz


Innate Abilities, Weirdness & Mutations

You can breathe blasts of noxious fumes.
Your lurid green scales are hard. (AC +10)
You cannot fit into any form of body armour.
Your tail ends in a poisonous barb.
((Your system is resistant to poisons. (rPois)))
((You are cold-blooded and may be slowed by cold attacks.))


Message History

You hear a shout!
The deep troll is engulfed in noxious fumes.
The deep troll appears confused.
You maul the deep troll!!!
Your attack snaps the deep troll out of its fear.
You claw the deep troll!
You kill the deep troll!
The deep troll earth mage gestures at the rock wall while chanting.
Some rock shatters into small pieces.
A deep troll earth mage comes into view.
Okay, then.
You feel yourself speed up.
The deep troll seems to regain its courage.
The deep troll earth mage seems to regain its courage.
The deep troll earth mage gestures at you while chanting.
The wall shatters!
The blast of rock fragments hits you but does no damage.
Some rock shatters into small pieces.
The deep troll earth mage bites you!!
You die...

..#..######### #.#(##........##
...(#...####...##
).....###...##(.#
.÷.).##......##.##
..............(..#
.............(...#
...............T.#
................D##
.....##......##...#######
......###..###..........###+#####
#'###...####...#(T..####.........
#.####..^.....##......##.........
#.........######......[..........
#..#####..# ##.##.†)).........
#..# #..# #.###............ ##.#
#..# ####.##.............


You could see a deep troll and a deep troll earth mage.

Vanquished Creatures
  Jorgrun (Swamp:3)
  Frances (Elf:1)
  Agnes (D:15)
  Gastronok (Orc:1)
  Kirke (Swamp:3)
  A thorn hunter (Swamp:2)
  A frost giant (Depths:1)
  3 deep elf sorcerers (Elf:1)
  A deep elf elementalist (Elf:2)
  2 orc warlords
  6 very ugly things
  3 stone giants (Depths:1)
  A dire elephant (Lair:6)
  A minotaur (Gauntlet)
  2 deep elf death magi (Elf:1)
  A great orb of eyes (D:9)
  Harold (D:9)
  An anaconda (Snake:1)
  A vault guard (D:14)
  10 hydras
  2 ghost crabs
  A catoblepas (Lair:2)
  The ghost of Gabide the Fiendish, a journeyman HuMo of Makhleb (D:11)
  6 centaur warriors
  A rakshasa (Depths:1)
  A shambling mangrove (Swamp:2)
  A hell beast (Lair:6)
  A deep troll shaman (Depths:1)
  5 alligators (Swamp:2)
  31 dancing weapons
  3 ogre magi
  A tengu warrior (Depths:1)
  20 two-headed ogres
  A deep troll earth mage (Depths:1)
  The ghost of wpisznazwe the Carver, a novice DsBe of Trog (D:9)
  2 thrashing horrors (Abyss:2)
  An orc high priest (Orc:2)
  26 deep elf knights
  12 death yaks
  4 hell knights (Depths:1)
  A fire crab (Gauntlet)
  An unseen horror (shapeshifter) (D:15)
  A wretched star (Abyss:2)
  A flayed ghost (D:9)
  An unseen horror (D:14)
  A glowing orange brain (Depths:1)
  7 deep trolls (Depths:1)
  3 wizards
  3 necromancers
  2 swamp dragons
  13 deep elf archers
  2 orc knights
  A wolf spider (Lair:1)
  5 orc sorcerers
  46 deep elf magi
  2 salamanders (shapeshifter)
  8 cyclopes
  12 ugly things
  3 worldbinders (Abyss:2)
  13 elephants
  A fire giant skeleton (Depths:1)
  Maurice (D:9)
  4 centaur zombies
  3 manticores
  4 black mambas
  A naga mage (D:15)
  2 torpor snails
  19 spiny frogs
  A smoke demon (Abyss:2)
  3 orange demons (Lair:6)
  4 rime drakes
  4 yaktaurs
  A yaktaur zombie (Depths:1)
  8 komodo dragons
  2 efreet
  An ancient zyme (Abyss:2)
  4 red devils (D:12)
  2 tengu conjurers (Depths:1)
  2 ice devils (Lair:6)
  3 polar bears
  A hellwing (Lair:6)
  7 trolls
  9 hornets
  3 meliai (D:15)
  A queen bee (D:9)
  5 tyrant leeches
  19 blink frogs
  11 large abominations
  9 slime creatures
  A fire dragon zombie (Depths:1)
  18 hippogriffs
  A bog body (Swamp:3)
  3 dream sheep (Lair:5)
  11 raiju (Abyss:2)
  An air elemental (Elf:1)
  A centaur simulacrum (D:15)
  Sigmund (D:2)
  4 spriggans
  A shadow (D:12)
  4 wraiths
  7 fire bats
  A fire dragon skeleton (Depths:1)
  2 wyverns
  4 water elementals
  46 yaks
  2 fire elementals
  19 humans
  5 hungry ghosts
  A neqoxec (Abyss:2)
  3 hogs (Swamp:3)
  3 basilisks
  19 vampire mosquitoes
  5 nagas (Lair:2)
  4 wargs
  Edmund (D:6)
  12 swamp worms
  14 insubstantial wisps (Swamp:1)
  A tengu skeleton (Depths:1)
  2 acid dragons
  14 water moccasins
  12 porcupines
  2 soldier ants
  4 hell hounds (Lair:6)
  41 orc warriors
  4 ice beasts
  A phantom (D:9)
  5 swamp drakes
  3 sky beasts
  3 necrophages
  5 boggarts (Depths:1)
  18 ogres
  15 centaurs
  20 wolves
  9 crocodiles
  2 big kobolds
  8 bullfrogs
  12 small abominations
  4 earth elementals
  5 scorpions
  12 killer bees (D:9)
  18 wights
  An electric eel (Lair:3)
  2 howler monkeys (D:9)
  17 starcursed masses
  11 crimson imps
  2 bullfrog zombies
  2 quasits
  3 bullfrog skeletons
  8 hounds
  21 orc priests
  6 jellies
  31 orc wizards
  7 centaur skeletons
  2 iguanas
  Terence (D:2)
  9 worker ants
  2 hound zombies
  5 hound skeletons
  A howler monkey zombie (D:8)
  12 gnolls
  A howler monkey skeleton (D:6)
  20 adders
  A river rat (D:9)
  4 shadow imps
  5 white imps (Abyss:2)
  7 oozes
  3 worms
  An adder zombie (D:5)
  A dart slug (D:2)
  4 leopard geckos
  106 orcs
  5 bats
  11 giant cockroaches
  9 goblins
  7 hobgoblins
  22 jackals
  17 kobolds
  5 quokkas
  A ball python (D:1)
  6 frilled lizards
  A jackal skeleton (D:4)
  A jackal zombie (D:5)
  A quokka skeleton (D:7)
  12 rats
  A briar patch (Swamp:2)
  2 fungi
  4 plants (Lair:3)
1237 creatures vanquished.

Vanquished Creatures (others)
  2 necromancers
  An ugly thing (D:15)
  A centaur (D:13)
  An ufetubus (Abyss:2)
  An orc (Orc:1)
  8 fungi
  6 plants
20 creatures vanquished.

Grand Total: 1257 creatures vanquished

Notes
Turn   | Place    | Note
-------+----------+-------------------------------------------
     0 | D:1      | spacedv the Draconian Transmuter began the quest for the
                  | Orb.
     0 | D:1      | Reached XP level 1. HP: 16/16 MP: 3/3
   214 | D:1      | Reached XP level 2. HP: 23/23 MP: 3/5
   240 | D:1      | Reached skill level 1 in Stealth
   287 | D:1      | Learned a level 2 spell: Sticks to Snakes
   518 | D:1      | Reached XP level 3. HP: 29/29 MP: 4/6
   549 | D:1      | Learned a level 3 spell: Spider Form
   813 | D:2      | Noticed Sigmund
   886 | D:2      | Noticed Terence
   899 | D:2      | Killed Terence
   902 | D:2      | Reached skill level 1 in Poison Magic
   960 | D:2      | Reached XP level 4. HP: 29/36 MP: 5/7
  1571 | D:3      | Found a sacrificial altar of Ru.
  1767 | D:3      | Reached skill level 4 in Unarmed Combat
  1906 | D:3      | Reached XP level 5. HP: 34/41 MP: 6/8
  1998 | D:3      | Noticed Grinder
  2250 | D:2      | Killed Sigmund
  2250 | D:2      | Reached XP level 6. HP: 51/51 MP: 5/9
  2263 | D:2      | Found a glowing golden altar of the Shining One.
  2445 | D:3      | Found an opulent altar of Gozag.
  2522 | D:3      | Found a faded altar of an unknown god.
  2670 | D:3      | Found an iron altar of Okawaru.
  2735 | D:4      | Reached skill level 5 in Unarmed Combat
  3015 | D:4      | Your scales start taking on a lurid green colour.
  3015 | D:4      | Reached XP level 7. HP: 46/59 MP: 8/10
  3015 | D:4      | Gained mutation: Your system is resistant to poisons.
                  | (rPois) [Green Draconian growth]
  3066 | D:4      | Found a radiant altar of Vehumet.
  3068 | D:4      | Found a white marble altar of Elyvilon.
  3069 | D:4      | Found a glowing golden altar of the Shining One.
  3484 | D:5      | Entered Level 5 of the Dungeon
  3587 | D:5      | Reached skill level 6 in Unarmed Combat
  3987 | D:5      | Reached skill level 5 in Transmutations
  4142 | D:5      | Found an iron altar of Okawaru.
  4199 | D:4      | Reached XP level 8. HP: 15/66 MP: 11/11
  4660 | D:6      | Reached skill level 7 in Unarmed Combat
  4810 | D:6      | Noticed Edmund
  5065 | D:6      | Killed Edmund
  5100 | D:6      | Reached skill level 5 in Fighting
  5306 | D:6      | Found a staircase to the Ecumenical Temple.
  5329 | Temple   | Entered the Ecumenical Temple
  5353 | Temple   | Became a worshipper of Sif Muna the Loreminder
  5424 | D:6      | Noticed a moth of wrath
  5429 | D:6      | Found a bloodstained altar of Trog.
  6094 | D:7      | Found a shadowy altar of Dithmenos.
  6228 | D:7      | Reached XP level 9. HP: 26/74 MP: 12/12
  6255 | D:6      | Learned a level 5 spell: Blade Hands
  6576 | D:7      | Found Vaot's General Store.
  6593 | D:7      | Bought a potion of might for 52 gold pieces
  6593 | D:7      | Bought a potion of invisibility for 104 gold pieces
  6753 | D:8      | Noticed a two-headed ogre
  6763 | D:8      | HP: 1/74 [two-headed ogre/+0 giant club (23)]
  7140 | D:8      | Found a viscous altar of Jiyva.
  7188 | D:8      | Found a snail-covered altar of Cheibriados.
  7680 | D:8      | Reached * piety under Sif Muna
  7680 | D:8      | Reached skill level 8 in Unarmed Combat
  7759 | D:8      | Killed a two-headed ogre
  7993 | D:9      | Noticed a two-headed ogre
  8002 | D:9      | Killed a two-headed ogre
  8002 | D:9      | Reached skill level 9 in Unarmed Combat
  8002 | D:9      | Reached XP level 10. HP: 63/86 MP: 10/16
  8009 | D:9      | Noticed a great orb of eyes
  8010 | D:9      | Paralysed by a great orb of eyes for 4 turns
  8127 | D:9      | Noticed a death yak
  8129 | D:9      | Noticed a death yak
  8168 | D:8      | Killed a death yak
  8189 | D:9      | Noticed a death yak
  8194 | D:9      | Killed a death yak
  8200 | D:9      | Killed a death yak
  8378 | D:9      | Found a staircase to the Lair.
  8504 | D:9      | Found a transporter.
  8504 | D:9      | Noticed Harold
  8524 | D:9      | Killed Harold
  8524 | D:9      | Reached skill level 10 in Unarmed Combat
  8525 | D:9      | Reached skill level 5 in Dodging
  8529 | D:9      | Found a transporter.
  8529 | D:9      | Noticed wpisznazwe's ghost (novice DsBe)
  8529 | D:9      | Noticed Maurice
  8576 | D:9      | Noticed a flayed ghost
  8583 | D:9      | Killed a flayed ghost
  8603 | D:9      | Killed Maurice
  8603 | D:9      | Reached XP level 11. HP: 80/97 MP: 12/17
  8603 | D:9      | Noticed a two-headed ogre
  8608 | D:9      | Killed a two-headed ogre
  8624 | D:9      | Found Gapoy's Antique Armour Shop.
  8640 | D:9      | Bought a pair of boots for 126 gold pieces
  8665 | D:9      | Found Camoushre's General Store.
  8677 | D:9      | Bought a scroll of identify for 32 gold pieces
  8684 | D:9      | Found Seorric's Assorted Antiques.
  8688 | D:9      | Bought a silvery potion for 27 gold pieces
  8688 | D:9      | Bought a scroll labeled UMEFARE VE YBU for 30 gold pieces
  8757 | D:9      | Found a glowing silver altar of Zin.
  8760 | D:9      | Found a radiant altar of Vehumet.
  8762 | D:9      | Noticed a brown ugly thing
  8782 | D:9      | Killed a brown ugly thing
  8782 | D:9      | Reached skill level 10 in Fighting
  9030 | D:9      | Reached skill level 11 in Unarmed Combat
  9092 | D:9      | Found Saekhlyobb's Antique Armour Shoppe.
  9220 | D:10     | Entered Level 10 of the Dungeon
  9635 | D:10     | Found Efris's Assorted Antiques.
  9643 | D:10     | Bought a dented filigree amulet for 105 gold pieces
  9674 | D:10     | Reached ** piety under Sif Muna
  9766 | D:10     | Bought an opal ring for 105 gold pieces
 10027 | D:11     | Reached skill level 5 in Spellcasting
 10062 | D:11     | Found a runed translucent door.
 10062 | D:11     | Noticed Gabide's ghost (journeyman HuMo)
 10324 | D:11     | Reached skill level 12 in Unarmed Combat
 10358 | D:11     | Found a staircase to the Orcish Mines.
 10479 | D:11     | Noticed a green ugly thing
 10493 | D:11     | Killed a green ugly thing
 10583 | D:11     | Noticed a two-headed ogre
 10607 | D:11     | Killed a two-headed ogre
 10623 | D:11     | Reached *** piety under Sif Muna
 10623 | D:11     | Reached XP level 12. HP: 106/106 MP: 12/21
 10929 | Orc:1    | Entered Level 1 of the Orcish Mines
 10935 | Orc:1    | Noticed Gastronok
 11056 | D:9      | Killed a great orb of eyes
 11075 | Lair:1   | Entered Level 1 of the Lair of Beasts
 11468 | Lair:1   | Reached skill level 13 in Unarmed Combat
 11484 | Lair:1   | Noticed a four-headed hydra
 11532 | Lair:1   | Killed a four-headed hydra
 11853 | Lair:2   | Noticed a death yak
 11891 | Lair:2   | Killed a death yak
 11914 | Lair:2   | Noticed a death yak
 11977 | Lair:2   | Noticed a five-headed hydra
 12293 | Lair:2   | Noticed a death yak
 12293 | Lair:2   | Noticed a death yak
 12317 | Lair:2   | Killed a death yak
 12319 | Lair:2   | Killed a death yak
 12325 | Lair:2   | Killed a death yak
 12399 | Lair:2   | Found the +10 zealot's sword {holy, *Rage rN+ EV+3}
 12432 | Lair:2   | Noticed a catoblepas
 12449 | Lair:2   | Killed a catoblepas
 12449 | Lair:2   | Reached skill level 14 in Unarmed Combat
 12521 | Lair:2   | Reached XP level 13. HP: 104/115 MP: 15/22
 12861 | Lair:2   | Found a staircase to the Snake Pit.
 13728 | D:11     | Killed Gabide's ghost
 14360 | D:12     | Reached skill level 15 in Unarmed Combat
 14377 | D:12     | Reached **** piety under Sif Muna
 14514 | D:12     | Got a bound platinum amulet
 14924 | Orc:1    | Killed Gastronok
 14941 | Orc:1    | Identified the amulet of Hutohir {RegenMP rPois rC- MR+}
                  | (You found it on level 12 of the Dungeon)
 15007 | Orc:2    | Entered Level 2 of the Orcish Mines
 15281 | Orc:2    | Found a staircase to the Elven Halls.
 15565 | Orc:2    | Found a roughly hewn altar of Beogh.
 15697 | Orc:2    | Noticed an orc warlord
 15731 | Orc:2    | Killed an orc warlord
 15738 | Orc:2    | Found Ziarryob's Distillery.
 15738 | Orc:2    | Found a roughly hewn altar of Beogh.
 16061 | Orc:2    | Found Yjiwum's Antique Armour Shop.
 16062 | Orc:2    | Found a roughly hewn altar of Beogh.
 16066 | Orc:2    | Found Hegyque's Antique Weapon Boutique.
 16184 | Orc:2    | Gained mutation: Your tail ends in a poisonous barb. [Green
                  | Draconian growth]
 16184 | Orc:2    | Reached XP level 14. HP: 88/127 MP: 23/27
 16272 | Orc:2    | Found a roughly hewn altar of Beogh.
 16280 | Orc:2    | Found Osirr's Antique Weapon Shoppe.
 16283 | Orc:2    | Gained mutation: You are dopey. (Int -2) [a neqoxec]
 16363 | Orc:2    | Bought a potion of mutation for 120 gold pieces
 16461 | Orc:1    | Reached ***** piety under Sif Muna
 16491 | Orc:1    | Identified Sif Muna's Papyrus of Unholy Magic (Sif Muna
                  | gifted it to you on level 1 of the Orcish Mines)
 16491 | Orc:1    | Received a gift from Sif Muna
 16604 | Orc:1    | Noticed an orc warlord
 16696 | Orc:1    | Killed an orc warlord
 17022 | Orc:2    | Bought a potion of heal wounds for 75 gold pieces
 17735 | Lair:3   | Reached skill level 10 in Spellcasting
 17884 | Lair:3   | Found a staircase to the Swamp.
 18583 | Lair:4   | Reached skill level 16 in Unarmed Combat
 18589 | Lair:4   | Got a faintly glowing tin ring
 18590 | Lair:4   | Identified the ring of the Tormentor {rF+ rC+ rN+} (You
                  | found it on level 4 of the Lair of Beasts)
 19189 | Lair:5   | Found a shattered altar of Ashenzari.
 19671 | Lair:6   | Entered Level 6 of the Lair of Beasts
 19765 | Lair:6   | Found a gate leading to a gauntlet.
 19770 | Lair:6   | Found a staircase to the Slime Pits.
 19770 | Lair:6   | Found a viscous altar of Jiyva.
 19782 | Gauntlet | Entered a Gauntlet
 19782 | Gauntlet | Found a transporter.
 19797 | Gauntlet | Found a transporter.
 19798 | Gauntlet | Found a transporter.
 19811 | Gauntlet | Found a transporter.
 19813 | Gauntlet | Found a transporter.
 19821 | Gauntlet | Found a runed translucent door.
 19824 | Gauntlet | Found a transporter.
 19838 | Gauntlet | Found a transporter.
 19848 | Gauntlet | Found a transporter.
 19852 | Gauntlet | Found a transporter.
 19852 | Gauntlet | Found a transporter.
 19874 | Gauntlet | Found a transporter.
 19874 | Gauntlet | Found a transporter.
 19899 | Gauntlet | Found a runed translucent door.
 19900 | Gauntlet | Found a transporter.
 19901 | Gauntlet | Found a runed translucent door.
 19914 | Gauntlet | Found a transporter.
 20050 | Gauntlet | Got a pair of crude boots
 20062 | Gauntlet | Identified the cursed -3 pair of boots "Woeluell" {Regen+}
                  | (You found it in a Gauntlet)
 20088 | Gauntlet | Reached skill level 1 in Evocations
 20261 | Gauntlet | Reached XP level 15. HP: 100/138 MP: 24/29
 20598 | Lair:6   | Reached skill level 5 in Evocations
 21131 | Lair:6   | Cast into level 2 of the Abyss (a wizard)
 21131 | Abyss:2  | Found a corrupted altar of Lugonu.
 21230 | Abyss:2  | Identified Huanies's Papyrus of Flamy Good Luck (Sif Muna
                  | gifted it to you on level 2 of the Abyss)
 21230 | Abyss:2  | Received a gift from Sif Muna
 21474 | Abyss:2  | Found a deep blue altar of Sif Muna.
 21725 | Abyss:2  | Reached skill level 5 in Stealth
 22269 | Abyss:3  | Learned a level 1 spell: Confusing Touch
 22319 | Abyss:3  | Reached skill level 1 in Hexes
 22325 | Lair:6   | Escaped the Abyss
 22402 | Lair:6   | Found a burning altar of Makhleb.
 22419 | Lair:6   | Reached skill level 17 in Unarmed Combat
 22466 | Lair:6   | Found a gateway to Hell.
 22649 | Lair:3   | Learned a level 3 spell: Ignite Poison
 22664 | Swamp:1  | Entered Level 1 of the Swamp
 23621 | Swamp:2  | Learned a level 3 spell: Mephitic Cloud
 23879 | Swamp:2  | Reached skill level 1 in Conjurations
 23879 | Swamp:2  | Reached skill level 1 in Air Magic
 23879 | Swamp:2  | Reached XP level 16. HP: 138/147 MP: 26/30
 23978 | Swamp:2  | Reached skill level 5 in Poison Magic
 23980 | Swamp:2  | Identified Sif Muna's Grimoire of Calling and Curses (Sif
                  | Muna gifted it to you on level 2 of the Swamp)
 23980 | Swamp:2  | Received a gift from Sif Muna
 24217 | Swamp:2  | Noticed a thorn hunter
 24231 | Swamp:2  | Killed a thorn hunter
 24244 | Swamp:2  | You fall through a shaft!
 24245 | Swamp:3  | Noticed Mara
 24691 | Swamp:3  | Noticed a thorn hunter
 24692 | Swamp:3  | Noticed Kirke
 24817 | Swamp:3  | Noticed Jorgrun
 24823 | Swamp:3  | Killed Jorgrun
 24860 | Swamp:3  | Noticed a sphinx
 24874 | Swamp:3  | Killed Kirke
 24919 | Swamp:3  | Noticed spacedv's illusion
 25066 | Swamp:3  | Noticed spacedv's illusion
 25265 | Swamp:3  | Noticed spacedv's illusion
 25444 | Snake:1  | Entered Level 1 of the Snake Pit
 25629 | D:9      | Bought a runed cloak for 225 gold pieces
 25664 | D:9      | Bought the +1 pair of boots of Bealex {rElec} for 376 gold
                  | pieces
 25674 | D:9      | Bought a scroll of remove curse for 48 gold pieces
 25946 | Orc:2    | Bought a potion of might for 60 gold pieces
 25946 | Orc:2    | Bought a potion of brilliance for 60 gold pieces
 26026 | Elf:1    | Entered Level 1 of the Elven Halls
 26059 | Elf:1    | Reached skill level 10 in Transmutations
 26129 | Elf:1    | Reached skill level 15 in Fighting
 26272 | Elf:1    | Noticed Frances
 26282 | Elf:1    | Killed Frances
 27106 | Elf:1    | Reached skill level 18 in Unarmed Combat
 27294 | Elf:1    | Reached XP level 17. HP: 60/156 MP: 25/31
 27351 | Elf:1    | Received a gift from Sif Muna
 27359 | Elf:1    | Learned a level 5 spell: Alistair's Intoxication
 27372 | Elf:1    | Learned a level 5 spell: Irradiate
 27564 | Elf:1    | Identified the Volume of Changing and Talismans
 28325 | Elf:2    | Reached skill level 10 in Poison Magic
 28448 | Elf:2    | Found a runed translucent gate.
 28448 | Elf:2    | Found a runed translucent gate.
 28448 | Elf:2    | Found a runed translucent gate.
 28547 | Elf:2    | Found a portal to a secret trove of treasure.
 29060 | Elf:2    | Identified Sif Muna's Catalogue of Lucky Moulding (Sif Muna
                  | gifted it to you on level 2 of the Elven Halls)
 29060 | Elf:2    | Received a gift from Sif Muna
 29150 | Elf:2    | Learned a level 7 spell: Dragon Form
 29687 | D:10     | Bought a scroll of remove curse for 63 gold pieces
 29758 | D:9      | Bought a scroll of identify for 60 gold pieces
 29918 | Temple   | Fell from the grace of Sif Muna
 29918 | Temple   | Became a worshipper of Ashenzari the Shackled
 30125 | D:9      | Killed wpisznazwe's ghost
 30289 | D:13     | Found Userres's Jewellery Boutique.
 31275 | D:14     | Found Ysuota's Weapon Shop.
 31450 | D:14     | Found a gate to the Vaults.
 31664 | D:15     | Entered Level 15 of the Dungeon
 31725 | D:15     | Noticed Agnes
 31733 | D:15     | Killed Agnes
 31733 | D:15     | Reached XP level 18. HP: 99/163 MP: 28/33
 31963 | D:15     | Reached * piety under Ashenzari
 32337 | D:15     | Found a corrupted altar of Lugonu.
 32637 | D:15     | Found a staircase to the Depths.
 32758 | Depths:1 | Entered Level 1 of the Depths
 32782 | Depths:1 | Noticed Jannitor's ghost (journeyman OgWz)
 32784 | Depths:1 | Identified the +0 hat of Resonance {rElec Regen+ Int-4}
 32784 | Depths:1 | Found a transporter.
 33249 | Depths:1 | Noticed a lich
 34161 | Depths:1 | Noticed a caustic shrike
 34228 | Depths:1 | Lost mutation: You are dopey. (Int -2) [miscasting Blade
                  | Hands]
 34414 | Depths:1 | HP: 11/244 [deep troll (16)]
 34425 | Depths:1 | Slain by a deep troll earth mage

Skill      XL: |  1  2  3  4  5  6  7  8  9 10 11 12 13 14 15 16 17 18 |
---------------+-------------------------------------------------------+-----
Stealth        | 1 3 6 |  6.4
Fighting       | 2 3 4 5 7 9 10 12 14 15 | 15.5
Transmutations | 3 4 5 7 8 9 11 12 13 | 13.1
Poison Magic   | 1 4 8 10 | 10.8
Unarmed Combat | 4 5 6 7 9 10 12 14 15 16 17 18 | 18.0
Spellcasting   | 4 6 9 10 11 14 | 14.4
Dodging        | 2 5 7 8 |  8.9
Evocations     | 2 5 |  5.0
Hexes          | 1 |  1.6
Conjurations   | 1 2 |  2.3
Air Magic      | 1 |  1.7

Action                   |  1- 3 |  4- 6 |  7- 9 | 10-12 | 13-15 | 16-18 || total
-------------------------+-------+-------+-------+-------+-------+-------++-------
Melee: Unarmed           |   106 |   165 |   432 |   463 |  1309 |  1134 ||  3609
       Tailslap          |    13 |    15 |    41 |    57 |   157 |   112 ||   395
       Kick              |    10 |    10 |    41 |     3 |       |       ||    64
       Punch             |     2 |       |     9 |    15 |    81 |    65 ||   172
       Headbutt          |     1 |    11 |    27 |    28 |    29 |     1 ||    97
       Bite              |       |       |       |       |       |     1 ||     1
 Cast: Beastly Appendage |    17 |    16 |    42 |    29 |    22 |     3 ||   129
       Spider Form       |     1 |     1 |     5 |       |       |       ||     7
       Sticks to Snakes  |       |     1 |     3 |       |       |       ||     4
       Blade Hands       |       |       |     3 |    33 |   124 |   108 ||   268
       Ignite Poison     |       |       |       |       |     1 |     6 ||     7
       Mephitic Cloud    |       |       |       |       |     1 |     2 ||     3
       Alistair's Intoxi |       |       |       |       |       |     5 ||     5
       Dragon Form       |       |       |       |       |       |     1 ||     1
Invok: Curse Item        |       |       |       |       |       |     6 ||     6
 Abil: Breathe Noxious F |       |       |    14 |     9 |    16 |    20 ||    59
Evoke: Lamp of fire      |       |       |       |       |     2 |       ||     2
       Wand              |       |       |       |       |       |     2 ||     2
       Phial of floods   |       |       |       |       |       |     1 ||     1
  Use: Scroll            |       |       |     9 |    15 |    20 |     6 ||    50
       Potion            |       |       |       |     2 |     8 |     6 ||    16
 Stab: Sleeping          |     1 |     5 |     1 |       |     3 |     6 ||    16
       Confused          |       |       |    12 |     4 |     8 |     5 ||    29
       Petrified         |       |       |       |     2 |       |       ||     2
       Distracted        |       |       |       |       |     2 |     3 ||     5
       Paralysed         |       |       |       |       |       |     1 ||     1
  Eat: Chunk             |     1 |     4 |    17 |    22 |    48 |    41 ||   133
       Ration            |       |     1 |     1 |     3 |     8 |     7 ||    20
Armor: Skin              |    21 |    33 |   113 |    93 |   445 |   333 ||  1038
Dodge: Dodged            |    66 |    83 |   238 |   224 |   828 |   541 ||  1980
